 Dungeon Crawl Stone Soup version 0.29-a0-121-g8efb068a30 (webtiles) character file.

Game seed: 40962271616746169

95 Grim the Digger (level 4, -8/39 HPs)
             Began as a Troll Earth Elementalist on Feb 20, 2022.
             Mangled by a black bear (11 damage)
             ... on level 3 of the Dungeon.
             The game lasted 00:03:56 (1856 turns).

Grim the Digger (Troll Earth Elementalist)          Turns: 1856, Time: 00:03:57

Health: -8/39      AC:  4    Str: 16    XL:     4   Next: 40%
Magic:  1/4        EV:  9    Int: 13    God:
Gold:   202        SH:  0    Dex: 10    Spells: 2/5 levels left

rFire   . . .      SeeInvis .     - Unarmed
rCold   . . .      Faith    .   (no shield)
rNeg    . . .      Spirit   .   b - +0 robe
rPois   .          Reflect  .   (helmet restricted)
rElec   .          Harm     .   (no cloak)
rCorr   .          Rampage  .   (gloves unavailable)
Will    .....                   (boots unavailable)
Stlth   +.........              (no amulet)
HPRegen 0.93/turn               (no ring)
MPRegen 0.09/turn               (no ring)

@: no status effects
A: large, unfitting armour, claws 3, regeneration 1, shaggy fur 1, tough skin 1
a: no special abilities


You were on level 3 of the Dungeon.
You visited 1 branch of the dungeon, and saw 3 of its levels.

You collected 202 gold pieces.

Inventory:

Missiles
 c - 56 stones
 i - 3 poisoned darts
Armour
 b - a +0 robe (worn)
Scrolls
 d - 4 scrolls of fear {unknown}
 f - a scroll of silence {unknown}
 g - a scroll of blinking {unknown}
 h - 2 scrolls of identify {unknown}
 l - 2 scrolls of amnesia {unknown}
Potions
 a - 2 potions of lignification {unknown}
 e - a potion of curing {unknown}
 j - 2 potions of brilliance {unknown}
 k - a potion of resistance {unknown}


   Skills:
 - Level 1.5 Dodging
 - Level 1.0 Stealth
 + Level 1.5 Unarmed Combat
 - Level 1.2 Spellcasting
 * Level 2.0 Transmutations
 * Level 3.7 Earth Magic


You had 2 spell levels left.
You knew the following spells:

 Your Spells              Type           Power      Damage    Failure   Level
a - Sandblast             Erth           20%        2d7       6%          1
b - Passwall              Tmut/Erth      6%         N/A       13%         2

Your spell library contained the following spells:

 Spells                   Type           Power      Damage    Failure   Level
 Sting                    Tmut/Pois      12%        1d3       19%         1
 Apportation              Tloc           0%         N/A       28%         1
 Poisonous Vapours        Pois/Air       0%         N/A       38%         2
 Static Discharge         Conj/Air       0%         N/A       38%         2
 Stone Arrow              Conj/Erth      10%        3d7       36%         3
 Confusing Touch          Hex            0%         N/A       63%         3
 Petrify                  Tmut/Erth      8%         N/A       63%         4
 Olgreb's Toxic Radiance  Pois           0%         N/A       95%         4
 Alistair's Intoxication  Tmut/Pois      2%         N/A       99%         5
 Yara's Violent Unravell  Hex/Tmut       1%         3d3       99%         5
 Lightning Bolt           Conj/Air       0%         1d11      100%        5
 Metabolic Englaciation   Hex/Ice        0%         N/A       100%        5
 Statue Form              Tmut/Erth      5%         N/A       100%        6
 Enfeeble                 Hex            0%         N/A       100%        7
 Maxwell's Capacitive Co  Air            0%         ∞         100%        8


Dungeon Overview and Level Annotations

Branches:
Dungeon (3/15)

Altars:


Innate Abilities, Weirdness & Mutations

You are too large for most types of armour.
You have claws for hands.
Your natural rate of healing is unusually fast.
You are covered in fur. (AC +1)
You have tough skin. (AC +1)


Message History

Aim: a black bear (moderately wounded, 85% to hit)
The blast of sand hits the black bear!
The black bear is heavily wounded.
The black bear closely misses you. The black bear claws you.
The black bear claws you but does no damage.
You scratch the black bear.
The black bear is heavily wounded.
The black bear bites you. The black bear barely misses you. x2
You scratch the black bear.
The black bear is severely wounded.
The black bear bites you. The black bear claws you.
* * * LOW HITPOINT WARNING * * *
The black bear claws you.
* * * LOW HITPOINT WARNING * * *
You closely miss the black bear.
The black bear is severely wounded.
The black bear bites you but does no damage.
The black bear closely misses you.
The black bear claws you but does no damage.
You scratch the black bear.
The black bear is almost dead.
The black bear bites you.
* * * LOW HITPOINT WARNING * * *
The black bear claws you.
* * * LOW HITPOINT WARNING * * *
The black bear claws you.
* * * LOW HITPOINT WARNING * * *
You barely miss the black bear.
The black bear is almost dead.
The black bear goes berserk!
You closely miss the black bear.
The black bear is almost dead.
The black bear bites you.
* * * LOW HITPOINT WARNING * * *
The black bear claws you.
* * * LOW HITPOINT WARNING * * *
The black bear closely misses you.
Your magical contamination has completely faded away.
The black bear bites you!
You die...

### ..# #.# #.# #.# #h# #@# #.#.#
###### #...#####.# #.#.# ......
........#.# #.#.# ######
#...)##.#.# #.#.# #.....#.#.#
#.#.# #.#...#.#.# #.#.#
#.....#.#.###### #.#.#
########.....#.#.#....#######.#.#
............<.................>.#


You could see a black bear (berserk).

Vanquished Creatures
  2 adders (D:2)
  A worm (D:2)
  2 dart slugs
  5 orcs (D:3)
  11 ball pythons
  5 bats
  2 endoplasms (D:2)
  3 giant cockroaches
  2 goblins
  6 hobgoblins
  3 jackals (D:1)
  3 quokkas
  2 frilled lizards
  6 kobolds
  6 rats
59 creatures vanquished.

Notes
Turn   | Place    | Note
-------+----------+-------------------------------------------
     0 | D:1      | Grim the Troll Earth Elementalist began the quest for the
                  | Orb.
     0 | D:1      | Reached XP level 1. HP: 16/16 MP: 1/1
    70 | D:1      | Reached skill level 1 in Transmutations
    88 | D:1      | Reached skill level 3 in Earth Magic
    91 | D:1      | Reached XP level 2. HP: 24/24 MP: 2/2
   127 | D:1      | Learned a level 2 spell: Passwall
   423 | D:1      | Reached XP level 3. HP: 31/31 MP: 3/3
   663 | D:2      | Reached skill level 1 in Unarmed Combat
   809 | D:2      | Found a faded altar of an unknown god.
  1043 | D:2      | Reached XP level 4. HP: 35/39 MP: 4/4
  1843 | D:3      | Noticed a black bear
  1856 | D:3      | Mangled by a black bear

Illustrated notes

Levels and vault maps discovered:
D:1:      sevenhm_arrival_forest_fort_small_6, layout_rooms
D:2:      wander_river, layout_basic, hellmonk_ecumenical_altar_prayer_group,
          minmay_pentomino_x4
D:3:      layout_basic, minmay_misc_feat_pillars,
          wander_ebering_terrifying_dragon_lair

Skill      XL: |  1  2  3  4 |
---------------+-------------+-----
Transmutations | 1 2 |  2.0
Earth Magic    | 3 |  3.7
Unarmed Combat | 1 |  1.5
Dodging        | |  1.5
Stealth        | |  1.0
Spellcasting   | |  1.2

Action                   |  1- 3 |  4- 6 || total
-------------------------+-------+-------++-------
Melee: Unarmed           |   118 |    38 ||   156
 Cast: Sandblast         |     8 |     9 ||    17
 Stab: Sleeping          |     4 |       ||     4
Armor: Robe              |    45 |    10 ||    55
Dodge: Dodged            |    44 |    15 ||    59

Table legend: (Time is in decaauts)
 A = Elapsed time spent in this place.
 B = Non-inter-level travel time spent in this place.
 C = Inter-level travel time spent in this place.
 D = Time resting spent in this place.
 E = Time spent auto-exploring this place.
 F = Levels seen in this place.
 G = Mean time per level.
                   A        B        C        D        E       F      G
               +--------+--------+--------+--------+--------+-----+--------+
         Total |   1856 |   1818 |     38 |     33 |   1401 |   3 |  618.7 |
       Dungeon |   1856 |   1818 |     38 |     33 |   1401 |   3 |  618.7 |
               +--------+--------+--------+--------+--------+-----+--------+

Top non-repeatable levels by time:
     D:2: 772 daAuts
     D:1: 621 daAuts
     D:3: 463 daAuts
